Warning! The script has encountered some errors when parsing the replay. Please report them to the . » details
0x00, prev: 0x16: 16 02 03 00 C0 3D 00 00 0B DD 01 00 38 3D 00 00 49 AE 01 00 C2 3B 00 00 57 70 00 00 [00] 00 00 00 00 00 00 00 00 00 00 00 00 00 00 00 00 00 00 00 00 00 00 00 00 00
0x00, prev: 0x00: 16 02 03 00 C0 3D 00 00 0B DD 01 00 38 3D 00 00 49 AE 01 00 C2 3B 00 00 57 70 00 00 00 00 00 00 00 00 00 00 00 00 00 00 00 00 00 00 00 00 00 00 00 00 00 00 [00] 00
0x00, prev: 0x01: 16 02 01 00 38 3D 00 00 49 AE 01 00 00 00 00 00 00 00 00 00 00 00 00 00 00 00 00 00 00 00 00 00 00 00 00 00 01 [00]
General information
- name: BNet
- type: Ladder 1vs1/FFA
- host: Battle.net
- saver: KODOS_FORSAKEN
map: EchoIsles
- players: 2
- length: 30:53
- speed: Fast
- version: 1.23 W3XP
- replay type: Public
» download(84 KB)
Players
team 1 (winner)

»
KODOS_FORSAKEN (
blue | 160 APM | 1608 actions | 10:04)
3 Archmage
2 Blizzard
1 Brilliance Aura
2 Blood Mage
1 Flame Strike
1 Siphon Mana
1 Pit Lord
1 Rain of Fire
» actions
| Assign group hotkey | 35 | |
| Basic commands | 22 | |
| Build / train | 147 | |
| ESC pressed | 4 | |
| Enter build submenu | 35 | |
| Enter hero's abilities submenu | 10 | |
| Give item / drop item | 4 | |
| Right click | 499 | |
| Select / deselect | 308 | |
| Select group hotkey | 317 | |
| Use ability | 227 | |
1608 total
» units
| Peasant | 18 | |
| Sorceress | 2 | |
| Mortar Team | 3 | |
23 total
» upgrades
| Masonry | 3 | |
| Lumber Harvesting | 2 | |
| Sorceress Training | 2 | |
| Gunpowder | 2 | |
| Fragmentation Shards | 1 | |
| Armor | 2 | |
| Magic Sentry | 1 | |
13 total
» buildings
| Altar of Kings | 1 | |
| Farm | 9 | |
| Lumber Mill | 1 | |
| Scout Tower | 32 | |
| Arcane Tower | 4 | |
| Guard Tower | 34 | |
| Keep | 2 | |
| Town Hall | 2 | |
| Arcane Vault | 1 | |
| Castle | 4 | |
| Arcane Sanctum | 1 | |
| Blacksmith | 1 | |
| Workshop | 2 | |
94 total
» build order
00:14 Altar of Kings
00:19 Farm
00:29 Lumber Mill
00:45 Scout Tower
00:54 Farm
01:23 Arcane Tower
01:32 Scout Tower
02:02 Guard Tower
02:08 Scout Tower
02:39 Guard Tower
03:35 Keep
05:02 Scout Tower
05:04 Town Hall
05:07 Scout Tower
05:08 Scout Tower
05:08 Scout Tower
05:11 Scout Tower
05:12 Scout Tower
05:12 Scout Tower
05:44 Scout Tower
05:45 Scout Tower
05:52 Arcane Tower
05:54 Guard Tower
06:56 Arcane Tower
07:01 Guard Tower
07:07 Arcane Vault
07:16 Guard Tower
07:25 Guard Tower
07:25 Guard Tower
07:28 Guard Tower
07:28 Guard Tower
07:28 Guard Tower
07:29 Guard Tower
07:58 Castle
07:58 Castle
07:59 Castle
08:21 Guard Tower
08:47 Arcane Sanctum
08:56 Scout Tower
08:57 Scout Tower
08:58 Scout Tower
08:59 Scout Tower
08:59 Scout Tower
09:43 Guard Tower
09:48 Blacksmith
10:04 Guard Tower
» items
| Boots of Speed | 4 | |
| Staff of Teleportation | 4 | |
| Ivory Tower | 18 | |
| Lesser Clarity Potion | 8 | |
| Scroll of Town Portal | 4 | |
| Scroll of Regeneration | 4 | |
| Potion of Healing | 1 | |
| Staff of Sanctuary | 3 | |
| Potion of Mana | 3 | |
49 total
team 2 (loser)
chimeur (
teal | 159 APM | 1599 actions | 10:04)
3 Archmage
1 Summon Water Elemental
1 Blizzard
1 Brilliance Aura
2 Paladin
1 Holy Light
1 Divine Shield
1 Firelord
1 Summon Lava Spawn
» actions
| Assign group hotkey | 15 | |
| Basic commands | 1 | |
| Build / train | 93 | |
| Enter build submenu | 20 | |
| Enter hero's abilities submenu | 8 | |
| Give item / drop item | 5 | |
| Remove unit from queue | 3 | |
| Right click | 834 | |
| Select / deselect | 434 | |
| Select group hotkey | 84 | |
| Use ability | 102 | |
1599 total
» units
| Peasant | 30 | |
| Footman | 6 | |
| Rifleman | 2 | |
| Mortar Team | 5 | |
| Forest Troll Shadow Priest | 2 | |
| Knight | 3 | |
| Priest | 2 | |
| Forest Troll Berserker | 1 | |
51 total
» upgrades
| Swords | 1 | |
| Gunpowder | 1 | |
| Armor | 1 | |
| Plating | 1 | |
| Long Rifles | 0 | |
| Priest Training | 2 | |
| Lumber Harvesting | 1 | |
| Fragmentation Shards | 1 | |
8 total
» buildings
| Altar of Kings | 1 | |
| Barracks | 1 | |
| Farm | 7 | |
| Lumber Mill | 1 | |
| Scout Tower | 5 | |
| Arcane Vault | 1 | |
| Guard Tower | 2 | |
| Arcane Tower | 2 | |
| Blacksmith | 1 | |
| Keep | 4 | |
| Workshop | 1 | |
| Castle | 1 | |
| Arcane Sanctum | 1 | |
| Town Hall | 1 | |
29 total
» build order
00:05 Altar of Kings
00:08 Barracks
00:19 Farm
00:59 Lumber Mill
01:12 Farm
01:52 Scout Tower
01:57 Scout Tower
02:20 Arcane Vault
02:25 Scout Tower
02:31 Guard Tower
02:34 Scout Tower
03:20 Arcane Tower
03:31 Guard Tower
03:33 Arcane Tower
04:03 Blacksmith
05:14 Keep
05:15 Keep
05:15 Keep
06:19 Farm
07:18 Farm
07:57 Workshop
08:51 Castle
09:48 Arcane Sanctum
09:57 Farm
10:04 Farm
» items
| Scroll of Regeneration | 6 | |
| Potion of Mana | 2 | |
| Lesser Clarity Potion | 3 | |
11 total
Chat log
(06:31 / All) chimeur: fucking noob
(06:34 / All) KODOS_FORSAKEN: l0l
(06:49 / All) chimeur: fuck noob leave
(06:53 / All) KODOS_FORSAKEN: l0l
(10:04 / All) chimeur: fuck fuck